 Dungeon Crawl Stone Soup version 0.30-a0-42-g806c11bf1d (webtiles) character file.

Game seed: 17173052756911166153

655 Kinoniko the Slicer (level 7, -6/41 HPs)
             Began as a Kobold Berserker on Aug 30, 2022.
             Was a Priest of Trog.
             Mangled by a kobold brigand
             ... wielding a +3 flail
              (7 damage)
             ... in a sewer.
             The game lasted 00:04:41 (4020 turns).

Kinoniko the Slicer (Kobold Berserker)              Turns: 4020, Time: 00:04:42

Health: -6/41      AC:  8    Str: 16    XL:     7   Next: 85%
Magic:  7/7        EV: 13    Int:  9    God:    Trog [***...]
Gold:   217        SH:  0    Dex: 14    Spells: 6/6 levels left

rFire   . . .      SeeInvis .    v - +1 short sword (elec)
rCold   . . .      Faith    .    (no shield)
rNeg    . . .      Spirit   .    n - +0 scale mail
rPois   .          Reflect  .    (no helmet)
rElec   .          Harm     .    (no cloak)
rCorr   .          Rampage  .    (no gloves)
Will    ++...                    h - +1 pair of boots
Stlth   +++.......               (no amulet)
HPRegen 1.13/turn                (no ring)
MPRegen 0.10/turn                (no ring)

@: strong-willed, on berserk cooldown, regenerating, slowed, very slow
A: small, no large weapons, nightstalker 3
a: Renounce Religion, Berserk, Trog's Hand


You were in a sewer.
You worshipped Trog.
Trog was most pleased with you.
You visited 1 branch of the dungeon, and saw 4 of its levels.
You also visited: Sewer.

You collected 217 gold pieces.

Inventory:

Hand Weapons
 a - a +0 short sword
 l - a +3 short sword of holy wrath
 v - a +1 short sword of electrocution (weapon)
Armour
 b - a +0 animal skin
 e - a +0 leather armour
 f - a +0 ring mail
 h - a +1 pair of boots (worn)
 n - a +0 scale mail (worn)
Jewellery
 r - a ring of positive energy
Wands
 d - a wand of paralysis (2)
Scrolls
 j - a scroll of immolation
 k - a scroll of noise
 m - a scroll of poison
 q - a scroll of acquirement {unknown}
 s - 2 scrolls of identify
 t - a scroll of brand weapon {unknown}
Potions
 c - 3 potions of curing
 g - a potion of ambrosia {unknown}
 i - 2 potions of haste
 o - 2 potions of mutation {unknown}
 p - 2 potions of heal wounds {unknown}
 u - a potion of lignification {unknown}


   Skills:
 - Level 3.2 Fighting
 * Level 8.4 Short Blades
 - Level 1.5 Armour
 + Level 5.2 Dodging
 + Level 5.4 Stealth


You had 6 spell levels left.
You didn't know any spells.
Your spell library was empty.

Dungeon Overview and Level Annotations

Branches:
Dungeon (4/15)             Temple (0/1) D:4           Sewer (1/1)

Altars:
Fedhas
Kikubaaqudgha
Vehumet

Annotations:
Sewer Grinder


Innate Abilities, Weirdness & Mutations

You are small and have problems with some larger weapons.
You are completely attuned to the shadows.


Message History

The ball python grabs you. The ball python constricts you.
You hit the ball python.
You kill the ball python!
Trog accepts your kill.
A kobold comes into view. It is wielding a +0 short sword.
The kobold misses you.
The kobold shouts!
You hit the kobold.
You kill the kobold!
Trog accepts your kill.
The kobold throws a stone.
The stone hits you. Grinder hits you!
You barely miss Grinder.
The kobold brigand drinks a potion.
The kobold brigand seems to speed up.
A kobold comes into view. It is wielding a +0 dagger.
Grinder barely misses you.
The kobold shouts!
You hit Grinder. Lightning courses through Grinder!!
Grinder is heavily wounded.
The kobold brigand barely misses you.
The kobold brigand hits you with a +3 flail!
Grinder misses you.
You hit Grinder.
Grinder is severely wounded.
The kobold brigand closely misses you.
The kobold throws a stone.
The stone barely misses you. Grinder gestures at you.
Pain shoots through your body!
Unknown command.
Your skin crawls.
You feel strong-willed. The kobold brigand misses you.
The kobold throws a stone.
The stone hits you but does no damage.
The kobold brigand hits you with a +3 flail.
Grinder hits you.
* * * LOW HITPOINT WARNING * * *
You writhe in agony.
* * * LOW HITPOINT WARNING * * *
The kobold barely misses you.
The kobold brigand hits you with a +3 flail!
You die...

########## #≈≈.'.~≈≈≈
#~..#.~~≈≈≈
#~≈.#..≈≈≈≈≈ ~...
#≈~.#.~≈≈≈≈≈
#'''###≈≈.#..~~~≈≈≈≈≈
.....##≈~.#...~≈~≈≈≈~
..⌠KK###.####.###≈##≈
⌠...@)#...#≈≈.).†....
.._5K.'...≈≈≈≈....)..
⌠....)#...#≈≈..).....
..⌠..###.####.#~###≈≈
.....# ~.# ..~≈≈≈≈~≈
'''# .# ~~≈ ≈≈≈≈


You could see Grinder, a kobold brigand (fast) and 2 kobolds.

Vanquished Creatures
  Eustachio (D:4)
  A kobold brigand (Sewer)
  A hound (D:4)
  An iguana (D:4)
  5 orc wizards (D:3)
  7 gnolls
  6 adders
  2 shadow imps
  3 ufetubi (Sewer)
  An adder zombie (D:2)
  A worm (D:3)
  A dart slug (D:2)
  10 orcs (D:3)
  7 bats
  5 endoplasms
  4 giant cockroaches
  7 goblins
  8 hobgoblins
  6 jackals
  A quokka (D:2)
  5 ball pythons
  A ball python skeleton (D:2)
  2 frilled lizards
  2 giant cockroach zombies
  18 kobolds
  5 rats
111 creatures vanquished.

Vanquished Creatures (others)
  2 withered plants (D:2)
2 creatures vanquished.

Grand Total: 113 creatures vanquished

Notes
Turn   | Place    | Note
-------+----------+-------------------------------------------
     0 | D:1      | Kinoniko the Kobold Berserker began the quest for the Orb.
     0 | D:1      | Reached XP level 1. HP: 14/14 MP: 1/1
   254 | D:1      | Reached XP level 2. HP: 19/19 MP: 2/2
   294 | D:1      | Reached skill level 1 in Stealth
   364 | D:1      | Found a faded altar of an unknown god.
  1222 | D:2      | Found a radiant altar of Vehumet.
  1262 | D:2      | Reached XP level 3. HP: 23/23 MP: 3/3
  1302 | D:2      | Reached skill level 5 in Short Blades
  1307 | D:2      | Reached XP level 4. HP: 28/28 MP: 4/4
  1541 | D:2      | Reached ** piety under Trog
  2064 | D:2      | Reached XP level 5. HP: 31/32 MP: 5/5
  2408 | D:3      | Reached skill level 6 in Short Blades
  2816 | D:3      | Reached XP level 6. HP: 37/37 MP: 6/6
  2947 | D:3      | Found a blossoming altar of Fedhas.
  2989 | D:3      | Reached skill level 7 in Short Blades
  3174 | D:3      | Found an ancient bone altar of Kikubaaqudgha.
  3295 | D:4      | Reached *** piety under Trog
  3384 | D:4      | Found a staircase to the Ecumenical Temple.
  3433 | D:4      | Reached XP level 7. HP: 39/41 MP: 7/7
  3645 | D:4      | Noticed Eustachio
  3659 | D:4      | Killed Eustachio
  3660 | D:4      | Reached skill level 8 in Short Blades
  3660 | D:4      | Reached skill level 5 in Dodging
  3660 | D:4      | Reached skill level 5 in Stealth
  3836 | D:4      | Found a glowing drain.
  3847 | Sewer    | Entered a sewer
  3987 | Sewer    | Found an ancient bone altar of Kikubaaqudgha.
  4013 | Sewer    | Noticed Grinder
  4020 | Sewer    | HP: 1/41 [Grinder (6)]
  4020 | Sewer    | Mangled by a kobold brigand

Illustrated notes

Levels and vault maps discovered:
D:1:      nicolae_arrival_washed_ashore, layout_basic,
          chequers_ecumenical_altar_simple_redux
D:2:      layout_loops_cross, basic_altar, serial_undead, serial_undead_c,
          serial_undead_e, serial_undead_a, serial_undead_c, serial_undead_f,
          serial_undead_d
D:3:      layout_rooms, grunt_temple_overflow_growth_and_decay
D:4:      layout_gridville, minmay_temple_entry_statues,
          cheibrodos_sewer_entry_bend, gammafunk_ghost_grave, uniq_eustachio
Sewer:    kennysheep_sewer_church

Skill      XL: |  1  2  3  4  5  6  7 |
---------------+----------------------+-----
Stealth        | 1 2 3 4 5 |  5.4
Dodging        | 3 4 5 |  5.2
Short Blades   | 5 6 7 8 |  8.4
Fighting       | |  3.2
Armour         | |  1.5

Action                   |  1- 3 |  4- 6 |  7- 9 || total
-------------------------+-------+-------+-------++-------
Melee: Short sword       |    69 |   206 |    67 ||   342
       Punch             |     2 |       |     2 ||     4
Invok: Berserk           |     2 |     7 |     2 ||    11
       Trog's Hand       |       |       |     1 ||     1
  Use: Scroll            |       |     7 |       ||     7
       Potion            |       |       |     1 ||     1
 Stab: Sleeping          |     8 |    11 |     2 ||    21
       Distracted        |       |     2 |       ||     2
Armor: Animal skin       |     5 |       |       ||     5
       Ring mail         |    14 |    24 |       ||    38
       Leather armour    |     6 |       |       ||     6
       Scale mail        |       |    41 |    37 ||    78
Dodge: Dodged            |    45 |   121 |    42 ||   208

Table legend: (Time is in decaauts)
 A = Elapsed time spent in this place.
 B = Non-inter-level travel time spent in this place.
 C = Inter-level travel time spent in this place.
 D = Time resting spent in this place.
 E = Time spent auto-exploring this place.
 F = Levels seen in this place.
 G = Mean time per level.
                   A        B        C        D        E       F      G
               +--------+--------+--------+--------+--------+-----+--------+
         Total |   4053 |   3807 |    246 |    584 |   2569 |   5 |  810.6 |
       Dungeon |   3898 |   3652 |    246 |    584 |   2473 |   4 |  974.5 |
         Sewer |    155 |    155 |      0 |      0 |     95 |   1 |  155.0 |
               +--------+--------+--------+--------+--------+-----+--------+

Top non-repeatable levels by time:
     D:1: 1206 daAuts
     D:2: 1198 daAuts
     D:3: 848 daAuts
     D:4: 644 daAuts
   Sewer: 155 daAuts
